 Dungeon Crawl Stone Soup version 0.19.1 (webtiles) character file.

127 doubledope the Covered (level 4, -1/40 HPs)
             Began as a Minotaur Fighter on Dec 11, 2016.
             Slain by a hobgoblin (3 damage)
             ... on level 3 of the Dungeon.
             The game lasted 00:04:50 (2248 turns).

doubledope the Covered (Minotaur Fighter)           Turns: 2248, Time: 00:04:50

Health: -1/40      AC:  7    Str: 21    XL:     4   Next: 85%
Magic:  3/3        EV:  8    Int:  5    God:
Gold:   244        SH:  9    Dex: 10    Spells: 0 memorised, 3 levels left

rFire  . . .     SeeInvis .     a - +0 long sword
rCold  . . .     Gourm    .     b - +0 scale mail
rNeg   . . .     Faith    .     c - +0 shield
rPois  .         Spirit   .     (helmet restricted)
rElec  .         Reflect  .     (no cloak)
rCorr  .         Harm     .     (no gloves)
MR     .....                    (no boots)
Stlth  ..........               (no amulet)
                                (no ring)
                                (no ring)

@: no status effects
A: retaliatory headbutt, horns 2
a: no special abilities


You were on level 3 of the Dungeon.
You were hungry.

You visited 1 branch of the dungeon, and saw 3 of its levels.

You collected 244 gold pieces.

Inventory:

Hand Weapons
 a - a +0 long sword (weapon)
Armour
 b - a +0 scale mail (worn)
 c - a +0 shield (worn)
Jewellery
 g - an uncursed ring of protection from cold {unknown}
Scrolls
 j - a scroll of noise {unknown}
 l - a scroll of recharging {unknown}
 n - 3 scrolls of identify {unknown}
 q - 2 scrolls of remove curse {unknown}
 t - a scroll of teleportation {unknown}
 u - a scroll of immolation {unknown}
Potions
 d - 4 potions of might
 e - 2 potions of curing {unknown}
 h - 2 potions of flight {unknown}
 i - a potion of lignification {unknown}
 r - a potion of berserk rage {unknown}
 s - a potion of heal wounds {unknown}
Books
 m - a book of Cantrips

   Spells                             Type                      Level
   a - Confusing Touch                Hexes                        1
   b - Animate Skeleton               Necromancy                   1
   c - Summon Small Mammal            Summoning                    1
   d - Apportation                    Translocation                1
Comestibles
 f - 2 bread rations
 k - 2 slices of pizza
 o - a fruit
 p - 4 meat rations


   Skills:
 + Level 4.3 Fighting
 + Level 3.4 Long Blades
 + Level 4.7 Armour
 + Level 0.9 Dodging
 + Level 4.7 Shields


You had 3 spell levels left.
You didn't know any spells.

Dungeon Overview and Level Annotations

Branches:
Dungeon (3/15)

Altars:


Innate Abilities, Weirdness & Mutations

You reflexively headbutt those who attack you in melee.
You have a pair of horns on your head.


Message History

You block the orc's attack. The orc hits you with a dagger.
* * * LOW HITPOINT WARNING * * *
The hobgoblin unwields an uncursed hunting sling.
You block the hobgoblin's attack. The orc hits you with a short sword.
* * * LOW HITPOINT WARNING * * *
The orc hits you but does no damage.
You hit the orc.
You kill the orc!
The hobgoblin hits you but does no damage.
You block the orc's attack.
The hobgoblin wields an uncursed hunting sling.
The hobgoblin shoots a sling bullet.
The sling bullet barely misses you.
You see here a tiny sapphire amulet.
You barely miss the orc. The orc hits you but does no damage.
Your shield prevents you from hitting the orc.
Your headbutt misses the orc. The orc hits you but does no damage.
The hobgoblin unwields an uncursed hunting sling.
The hobgoblin hits you but does no damage.
You closely miss the orc. You block the orc's attack. The hobgoblin hits you.
You die...

≈≈≈≈≈.(..≈≈≈≈≈≈≈≈≈≈≈≈≈≈≈≈≈≈≈≈≈≈≈≈
≈≈≈≈≈.)).≈≈≈≈≈≈≈≈≈≈≈≈≈≈≈≈≈≈≈≈≈≈≈≈
≈≈≈≈≈.)..≈≈≈≈≈≈≈≈≈≈≈≈≈≈≈≈≈≈≈≈≈≈≈≈
######''#########################
#...)# ....# #....# ...(..
#####....#########......
...#......#.............
...'......()).)o@.......
...#.....(#.)..g........
#####....#########...... #....#
...... #....# ....# ###### #####


You could see an orc and a hobgoblin.

Vanquished Creatures
  An orc wizard (D:3)
  2 adders
  A worm (D:2)
  A dart slug (D:1)
  2 leopard geckos
  4 orcs (D:3)
  3 giant cockroaches
  16 goblins
  11 hobgoblins
  5 jackals
  2 ball pythons (D:2)
  4 bats
  4 frilled lizards (D:2)
  2 kobolds (D:1)
  5 rats
63 creatures vanquished.

Notes
Turn   | Place    | Note
-------+----------+-------------------------------------------
     0 | D:1      | doubledope the Minotaur Fighter began the quest for the Orb.
     0 | D:1      | Reached XP level 1. HP: 19/19 MP: 0/0
   252 | D:1      | Reached XP level 2. HP: 23/27 MP: 1/1
   827 | D:2      | Reached XP level 3. HP: 24/33 MP: 2/2
  1803 | D:3      | Reached XP level 4. HP: 40/40 MP: 3/3
  2243 | D:3      | HP: 1/40 [orc/short sword (5)]
  2248 | D:3      | Slain by a hobgoblin

Skill      XL: |  1  2  3  4 |
---------------+-------------+-----
Shields        | 4 |  4.7
Armour         | 4 |  4.7
Fighting       | 4 |  4.3
Long Blades    | 3 |  3.4
Dodging        | |  0.9

Action                   |  1- 3 |  4- 6 || total
-------------------------+-------+-------++-------
Melee: Long sword        |   100 |    36 ||   136
       Headbutt          |    17 |     9 ||    26
  Eat: Chunk             |     2 |     1 ||     3
       Fruit             |       |     1 ||     1
Armor: Scale mail        |    47 |    37 ||    84
Dodge: Dodged            |    38 |    22 ||    60
Block: Shield            |    68 |    47 ||   115
       Rpst.: Long sword |    12 |     3 ||    15
